 Dungeon Crawl Stone Soup version 0.29.0 (webtiles) character file.

Game seed: 12773159305471297690

41 collaery the Cudgeller (level 3, 0/29 HPs)
             Began as a Human Berserker on Sept 2, 2022.
             Was a Follower of Trog.
             Succumbed to an adder's poison
             ... on level 2 of the Dungeon.
             The game lasted 00:07:04 (1633 turns).

collaery the Cudgeller (Human Berserker)            Turns: 1633, Time: 00:07:04

Health: 0/29       AC:  2    Str: 19    XL:     3   Next: 75%
Magic:  3/3        EV: 12    Int:  7    God:    Trog [*.....]
Gold:   77         SH:  0    Dex: 12    Spells: 2/2 levels left

rFire   . . .      SeeInvis .   a - +0 mace
rCold   . . .      Faith    .   (no shield)
rNeg    . . .      Spirit   .   b - +0 animal skin
rPois   .          Reflect  .   (no helmet)
rElec   .          Harm     .   (no cloak)
rCorr   .          Rampage  .   (no gloves)
Will    .....                   (no boots)
Stlth   ++........              (no amulet)
HPRegen 0.09/turn               (no ring)
MPRegen 0.08/turn               (no ring)

@: lethally poisoned (0 -> -4), flying
A: no striking features
a: Renounce Religion, Berserk


You were on level 2 of the Dungeon.
You worshipped Trog.
Trog was aware of your devotion.
You visited 1 branch of the dungeon, and saw 2 of its levels.

You collected 77 gold pieces.

Inventory:

Hand Weapons
 a - a +0 mace (weapon)
Missiles
 c - 7 stones (quivered)
 g - 5 curare-tipped darts
Armour
 b - a +0 animal skin (worn)
Scrolls
 d - a scroll of butterflies {unknown}
 e - a scroll of blinking {unknown}
 f - a scroll of teleportation {unknown}
 j - a scroll of poison {unknown}
Potions
 i - a potion of curing {unknown}


   Skills:
 + Level 3.2 Fighting
 + Level 3.2 Maces & Flails
 + Level 1.0 Throwing
 + Level 2.3 Armour
 + Level 2.4 Dodging
 + Level 1.1 Stealth


You had 2 spell levels left.
You didn't know any spells.
Your spell library was empty.

Dungeon Overview and Level Annotations

Branches:
Dungeon (2/15)

Altars:


Message History

You now have 77 gold pieces (gained 2).
An adder comes into view.
The adder hisses angrily.
The adder closely misses you.
You closely miss the adder. The adder barely misses you.
You hit the adder.
The adder is moderately wounded.
The adder barely misses you. The adder bites you.
You are poisoned.
The adder poisons you!
You barely miss the adder.
The adder is moderately wounded.
You feel sick. The adder barely misses you. The adder bites you.
You are more poisoned.
The adder poisons you!
You hit the adder.
The adder is heavily wounded.
You feel sick. The adder bites you.
You hit the adder.
The adder is almost dead.
You feel sick. The adder barely misses you. The adder bites you.
You are lethally poisoned!
The adder poisons you!
You hit the adder.
You kill the adder!
Trog accepts your kill.
* * * LOW HITPOINT WARNING * * *
You feel very sick.
Your Throwing skill increases to level 1!
* * * LOW HITPOINT WARNING * * *
You feel sick.
You see here an adder corpse.
* * * LOW HITPOINT WARNING * * *
You feel sick.
* * * LOW HITPOINT WARNING * * *
You feel sick.
It was a potion of flight.
You feel very buoyant.
You fly up into the air.
You die...

#.#
#)#
#.#
#.#
#.#
#.#
#.#
##.#
#.#
#..#
#.#
#.##
#†#
#.#
#.#
#.#
#@#
#.####
#.#
#....#
#.#
####.#
#.#
#.#
#.#
#.#
#.#
#.#
..#
#.#
###
#.#
#.#


There were no monsters in sight!

Vanquished Creatures
  An adder (D:2)
  3 dart slugs (D:1)
  3 ball pythons
  4 endoplasms
  4 hobgoblins (D:1)
  2 quokkas
  3 bats
  A kobold (D:1)
  3 rats (D:1)
24 creatures vanquished.

Notes
Turn   | Place    | Note
-------+----------+-------------------------------------------
     0 | D:1      | collaery the Human Berserker began the quest for the Orb.
     0 | D:1      | Reached XP level 1. HP: 18/18 MP: 1/1
   441 | D:1      | Reached XP level 2. HP: 16/24 MP: 2/2
  1002 | D:1      | Reached XP level 3. HP: 27/29 MP: 3/3
  1002 | D:1      | Found a faded altar of an unknown god.
  1516 | D:2      | Reached skill level 1 in Stealth
  1630 | D:2      | Reached skill level 1 in Throwing
  1632 | D:2      | HP: 1/29 [poisoned by an adder]
  1633 | D:2      | Succumbed to an adder's poison

Illustrated notes

Levels and vault maps discovered:
D:1:      minmay_arrival_cross, layout_loops_corners,
          shapermc_ecumenical_altar_venn, minmay_misc_feat_hallway
D:2:      layout_loops_ring, basic_altar, minmay_tetromino_o4

Skill      XL: |  1  2  3 |
---------------+----------+-----
Stealth        | 1 |  1.1
Throwing       | 1 |  1.0
Fighting       | |  3.2
Maces & Flails | |  3.2
Armour         | |  2.3
Dodging        | |  2.4

Action                   || total
-------------------------++-------
Melee: Mace              ||    82
  Use: Potion            ||     1
 Stab: Sleeping          ||     3
Armor: Animal skin       ||    13
Dodge: Dodged            ||    51
